Map: Apotheosis LE

Players

Gracz

  • Race: Zerg Zerg
  • League: Bronze

Ricarju - Winner!

  • Race: Zerg Zerg

VOD

Have the link to the VOD?

Description

Time

  • Played on: Sept. 3, 2016, 8:40 a.m.
  • Length: 7:07
Show
View Real Time Build Order
Export as new Build Order

Gracz Zerg 

Build Orders: Pool First 

Get SALT Encoding   

  12  0:24  Drone x2  
  14  0:29  Spawning Pool  
  13  0:58  Hatchery  
  12  1:40  Drone  
  12  1:41  Roach Warren, Drone  
  12  1:42  Overlord  
  13  1:54  Extractor  
  12  1:55  Drone  
  12  1:56  Extractor  
  12  2:16  Drone  
  12  2:20  Drone x2  
  15  2:34  Evolution Chamber  
  15  2:36  Evolution Chamber  
  13  2:48  Roach x3  
  11  3:20  Drone  
  11  3:21  Drone x2  
  11  3:26  Drone  
  15  3:27  Drone  
  16  3:44  Drone x2  
  18  4:10  Drone x3  
  18  4:12  Zergling x2  
  18  4:13  Drone  
  10  5:04  Drone  
  10  5:05  Roach x2  
  11  5:30  Drone  
  11  5:31  Drone x2  
  14  5:55  Drone  
  15  6:24  Drone x2  
  15  6:25  Drone  
  18  6:39  Drone  
Show
View Real Time Build Order
Export as new Build Order

Ricarju Zerg - Winner!

Build Orders: Pool First 

Get SALT Encoding   

  12  0:02  Drone  
  13  0:13  Overlord  
  13  0:18  Drone  
  14  0:33  Drone x2  
  16  0:44  Spawning Pool  
  15  0:53  Drone  
  15  0:56  Drone  
  17  1:14  Extractor  
  16  1:21  Overlord  
  17  1:32  Zergling x2  
  17  1:33  Zergling x4  
  17  1:34  Queen  
  21  1:49  Drone  
  22  2:07  Zergling x2  
  22  2:08  Zergling x2  
  24  2:16  Metabolic Boost  
  24  2:24  Drone  
  25  3:31  Roach Warren  
  24  3:34  Drone x2  
  24  3:35  Drone x3  
  24  3:38  Extractor  
  28  3:44  Drone  
  29  3:55  Hatchery  
  28  4:13  Lair  
  28  4:15  Roach  
  28  4:16  Overlord x2  
  27  5:25  Roach x7  
  27  5:26  Roach  
  41  5:33  Queen  
  41  5:35  Roach x2  
  47  5:36  Roach  
  47  5:40  Glial Reconstitution  
  49  5:46  Roach  
  49  5:48  Overlord x3  
  52  6:04  Ravager  
  52  6:21  Infestation Pit  
  52  6:24  Roach x5  
Tags
 
Add a new tag
Caveats
  • Supply blocks, unpowered buildings, or Contaminate may cause inaccurate times.
  • Supply counts are checked every 10 seconds.